Zazza, neutral female human Tourist ---------- --------------- |........| |.............| |.........# |.............| ------------ |........|# ..............| |..........| --+-.-----# |.............| |.....<....| ### # |.............|# |..........| ### # ---.-----------########...........| #### # ############## --+---.----- # # ### # # #### # ######## # # # # -----.---------################ ######### ### -......f......| # # #---|-------- # |......@......| ### # #|..........| --|-- |.............| # # #|..........| |..$| |.............| ### ------.----- #.>.........| |...| --------------- # |..........| ------------ |..[| ##...........| ----- |..........| ------------ Zazza the Rambler Experience level: 1 Strength: 15 Dexterity: 13 Constitution: 13 Intelligence: 11 Wisdom: 7 Charisma: 18 Health: 0(10) Energy: 2(2) Def: 4 Gold: 623 Moves: 1513 Dungeon seed: uJwHinN34JroUqIZ Game ID: Zazza_1619422152 Your Inventory: Coins $ - 623 gold pieces Weapons a - 30 +2 darts (in quiver) o - 2 +0 orcish daggers p - a +0 dwarvish mattock x - a +0 silver saber (weapon in hand) Armor e - an uncursed +0 Hawaiian shirt (being worn) n - an uncursed +3 ring mail q - an uncursed +1 orcish helm (being worn) r - a blessed +0 pair of elven boots (being worn) N - an uncursed +0 cloak of displacement (being worn) Comestibles c - 7 uncursed food rations d - an uncursed sprig of wolfsbane f - 2 uncursed tripe rations Scrolls h - 2 uncursed scrolls of magic mapping Spellbooks l - an uncursed spellbook of create monster Potions g - 2 uncursed potions of extra healing m - an uncursed potion of polymorph Tools i - an expensive camera (0:57) j - an uncursed credit card t - an uncursed towel Gems y - 2 uncursed aquamarine stones Spells and supernatural/magical abilities: Name Level Category Fail Memory W - pray for help -- divine ? -- Your skills at the end: Fighting Skills Weapon Skills dart [Basic] Spellcasting Skills Final Attributes: You were nominally aligned. You were displaced. You were stealthy. You were lucky. You are dead. Vanquished creatures: a gas spore a yellow mold a gnome zombie 2 jackals 5 goblins 4 sewer rats 5 grid bugs 2 lichens 2 newts 23 creatures vanquished. Voluntary challenges: You were vegetarian. You were an atheist. You used a wielded weapon 1 time, starting on turn 569. You were a pacifist. You read items or engraved 2 times, starting on turn 195. You never genocided any monsters. You never polymorphed an object. You never changed form. You used no wishes. You never split a pudding. You never wrote Elbereth's name. You never violated your personal moral code. Dungeon overview: The Dungeons of Doom: levels 1 to 3 Level 1 some fountains a long staircase Level 2 a fountain Level 3 <- You were here an armor shop stairs to The Gnomish Mines The Gnomish Mines: Level 4 stairs to The Dungeons of Doom History has recorded: On T:1 you entered the Dungeons of Doom to retrieve the Amulet of Yendor! On T:242 you reached level 2 of The Dungeons of Doom. On T:613 you reached level 3 of The Dungeons of Doom. On T:1510 you reached level 1 of The Gnomish Mines. Score breakdown: Gold: 181 ( 7687 points) Experience: 1 level ( 0 points) Exploration: 4 levels ( 8.33%) ( 7579 points) Discoveries: 4 items ( 1.34%) ( 3475 points) Valuables value: (no points given unless you survive) Artifact value: 0 ( 0 points) Variety of kills: 9 monsters ( 2.36%) ( 4610 points) Turncount: 1513 turns ( 0 points) Survival: died (score multiplied by 80%) Total score: 18680 Latest messages: You have a little trouble lifting $ - 57 gold pieces. You displace Armand. You stop. Armand is in the way! You displace Armand. You feel agile! You must have been working on your reflexes. You feel tough! You must be leading a healthy life-style. You stop. Armand is in the way! You displace Armand. You have a little trouble lifting $ - 45 gold pieces. You displace Armand. You see here 2 blue gems. You have a little trouble lifting y - 2 blue gems. You fall down the stairs. Armand bites the gas spore. Armand misses the gas spore. You displace Armand. Armand bites the gas spore. The gas spore is killed! Armand is caught in the gas spore's explosion! You are caught in the gas spore's explosion! Final status: Aloha Zazza the Tourist, killed by a gas spore's explosion... You died in The Dungeons of Doom on dungeon level 3 with 18680 points, and 623 pieces of gold, after 1513 moves. You were level 1 with a maximum of 10 hit points when you died.